AoeStats
← Harvey Birdman

Fortress

510069635Analyzed
4v4 RM · 4d ago on Sep 29, 2026· 53m 21s· 8 players
Game mode
Random Map
Map size
Huge
Population
200
Speed
Normal
Resources
Standard
Victory
Conquest
Starting age
Dark Age
Ending age
Imperial Age
RankedLock teamsTeams togetherTeam positionsShared explorationLock speedFull tech treeHidden civsTurbo modeCheats
Victory
Defeat
🇦🇺 Poles · Australia
1153
+14
🇦🇺 Vietnamese · Australia
1111
+16
🇦🇺 Portuguese · Australia
1059
+18
🇦🇺 Huns · Australia
1045
+19
🇨🇳 Malay · China
1215
-21
🇳🇴 Slavs · Norway
1130
-18
🇪🇸 Goths · Spain
1087
-16
🇨🇳 Khmer · China
990
-12
Alex Auditore Mercer
7:34 Feudal Age
11:33 Castle Age
10:03 Double-Bit Axe
10:00 Horse Collar
11:23 Bow Saw
15:30 Forging
17:03 Squires
19:49 Wheelbarrow
19:09 Gold Mining
20:28 Town Watch
21:23 Gold Shaft Mining
22:07 Heavy Plow
23:16 Gold Shaft Mining
23:01 Hand Cart
23:06 Hand Cart
23:32 Loom
27:33 Imperial Age
25:18 Fletching
25:09 Crossbowman
26:25 Arbalester
27:03 Bodkin Arrow
28:52 Chemistry
28:24 Bracer
28:28 Padded Archer Armor
28:46 Stone Mining
31:50 Leather Archer Armor
34:51 Thumb Ring
FallAutumn7731
3:54 Loom
10:06 Feudal Age
14:09 Castle Age
12:25 Horse Collar
12:45 Double-Bit Axe
15:59 Heavy Plow
21:10 Wheelbarrow
20:58 Bow Saw
22:59 Hand Cart
22:43 Gold Mining
22:43 Stone Mining
23:44 Town Watch
25:41 Scale Mail Armor
25:31 Fletching
25:54 Forging
27:19 Stone Shaft Mining
29:46 Imperial Age
28:01 Chain Mail Armor
28:22 Iron Casting
27:41 Treadmill Crane
28:22 Ballistics
30:57 Conscription
29:59 Elite Huskarl
30:51 Heavy Scorpion
32:51 Chemistry
32:02 Masonry
33:00 Blast Furnace
31:55 Bodkin Arrow
33:02 Squires
32:23 Pikeman
38:32 Anarchy
38:47 Halberdier
40:33 Perfusion
Durandal
8:05 Feudal Age
9:24 Double-Bit Axe
9:22 Horse Collar
12:40 Castle Age
16:44 Bow Saw
17:47 Gold Mining
18:43 Husbandry
18:55 Heavy Plow
22:13 Stone Mining
26:15 Imperial Age
24:23 Forging
24:18 Scale Barding Armor
26:05 Wheelbarrow
25:54 Padded Archer Armor
25:45 Fletching
26:36 Gold Shaft Mining
27:05 Chain Barding Armor
27:20 Iron Casting
27:44 Conscription
27:52 Bloodlines
29:16 Chemistry
28:12 Elite Ballista Elephant
29:46 Double Crossbow
31:04 Caravan
36:50 Plate Barding Armor
36:32 Leather Archer Armor
36:13 Bodkin Arrow
BrightBlond
7:08 Feudal Age
11:18 Castle Age
9:28 Double-Bit Axe
10:32 Horse Collar
13:16 Bow Saw
13:10 Gold Mining
13:30 Heavy Plow
16:20 Gold Mining
17:52 Wheelbarrow
18:30 Scale Barding Armor
19:29 Stone Mining
20:17 Gold Shaft Mining
20:29 Hand Cart
20:33 Husbandry
21:05 Forging
22:01 Bloodlines
21:13 Light Cavalry
25:35 Detinets
26:22 Town Watch
26:23 Loom
27:18 Chain Barding Armor
27:34 Iron Casting
26:50 Fletching
29:52 Imperial Age
29:48 Town Patrol
29:33 Loom
30:03 Elite Boyar
31:07 Conscription
31:23 Hoardings
31:29 Plate Barding Armor
31:55 Blast Furnace
30:50 Bodkin Arrow
30:20 Pikeman
31:01 Squires
31:08 Caravan
31:04 Capped Ram
32:51 Two-Man Saw
32:24 Crop Rotation
33:02 Hoardings
37:42 Siege Ram
42:34 Ballistics
43:14 Chemistry
42:25 Masonry
42:21 Siege Engineers
42:13 Murder Holes
49:16 Scale Mail Armor
49:10 Light Cavalry
Scythian Wild Woman
8:49 Feudal Age
12:52 Castle Age
10:46 Horse Collar
11:21 Double-Bit Axe
14:48 Wheelbarrow
13:59 Town Watch
14:05 Loom
14:40 Bow Saw
18:40 Town Watch
20:23 Hand Cart
24:01 Imperial Age
21:29 Stone Mining
21:29 Gold Mining
21:54 Fletching
22:04 Padded Archer Armor
23:23 Bodkin Arrow
23:29 Padded Archer Armor
25:51 Chemistry
25:11 Ballistics
25:05 Thumb Ring
25:02 Bracer
25:18 Leather Archer Armor
28:25 Masonry
28:26 Fortified Wall
29:07 Elite Rattan Archer
40:11 Crossbowman
41:23 Ring Archer Armor
41:16 Arbalester
Necandum
7:59 Feudal Age
11:58 Castle Age
10:03 Double-Bit Axe
10:38 Horse Collar
15:03 Gold Mining
18:49 Loom
20:43 Pikeman
25:33 Heavy Plow
26:23 Fletching
29:41 Bodkin Arrow
32:32 Forging
35:15 Imperial Age
33:43 Scale Mail Armor
36:01 Stone Mining
36:45 Crop Rotation
36:34 Bow Saw
36:02 Capped Ram
36:39 Elite Organ Gun
37:12 Halberdier
42:01 Chain Mail Armor
42:22 Iron Casting
43:17 Plate Mail Armor
45:17 Two-Man Saw
47:10 Blast Furnace
51:57 Chemistry
Houseington
8:25 Feudal Age
12:13 Castle Age
13:11 Double-Bit Axe
13:16 Horse Collar
15:03 Bow Saw
15:33 Heavy Plow
23:08 Wheelbarrow
22:52 Scale Barding Armor
22:59 Forging
23:02 Bloodlines
22:53 Husbandry
22:50 Gold Mining
22:52 Stone Mining
26:06 Imperial Age
24:44 Szlachta Privileges
25:41 Stone Shaft Mining
27:10 Chain Barding Armor
27:26 Iron Casting
26:39 Cavalier
29:05 Chemistry
28:59 Conscription
29:11 Sappers
32:17 Blast Furnace
48:08 Scale Mail Armor
53:24 Fletching
53:41 Siege Engineers
Harvey Birdman
8:12 Feudal Age
12:12 Castle Age
12:01 Double-Bit Axe
13:27 Horse Collar
14:53 Loom
16:10 Bow Saw
16:06 Heavy Plow
16:21 Heavy Plow
19:10 Wheelbarrow
18:23 Town Watch
20:03 Gold Mining
25:49 Imperial Age
23:46 Marauders
24:32 Scale Barding Armor
24:39 Forging
24:43 Bloodlines
24:39 Husbandry
27:14 Chain Barding Armor
26:48 Elite Tarkan
29:19 Plate Barding Armor
31:39 Hand Cart
32:14 Iron Casting
41:17 Conscription
53:12 Light Cavalry
Connection lost

Rejoining the realm…

Still unreachable

The connection could not be restored.

Session expired

The server has moved on; the page needs a fresh start.